 Dungeon Crawl Stone Soup version 0.19.5 (webtiles) character file.

4269 Rrauwl the Cleaver (level 10, -1/84 HPs)
             Began as a Hill Orc Fighter on Mar 6, 2017.
             Was an Elder of Nemelex Xobeh.
             Slain by a yak (10 damage)
             ... on level 9 of the Dungeon.
             The game lasted 00:40:43 (7474 turns).

Rrauwl the Cleaver (Hill Orc Fighter)               Turns: 7474, Time: 00:40:43

Health: -1/84      AC:  8    Str: 20    XL:     10   Next: 31%
Magic:  14/14      EV: 16    Int: 11    God:    Nemelex Xobeh [****..]
Gold:   402        SH: 11    Dex: 18    Spells: 0 memorised, 11 levels left

rFire  + . .     SeeInvis .     a - +1 war axe
rCold  . . .     Gourm    .     H - +2 leather armour {rF+}
rNeg   . . .     Faith    +     c - +0 shield
rPois  .         Spirit   .     (no helmet)
rElec  .         Reflect  .     J - +1 cloak
rCorr  .         Harm     .     (no gloves)
MR     .....                    (no boots)
Stlth  +++.......               K - amulet of faith
                                F - ring of flight
                                i - +3 ring of dexterity

@: agile
A: no striking features
a: Triple Draw, Deal Four, Renounce Religion, Evoke Flight


You were on level 9 of the Dungeon.
You worshipped Nemelex Xobeh.
Nemelex Xobeh was greatly pleased with you.
You were hungry.

You visited 1 branch of the dungeon, and saw 9 of its levels.

You collected 448 gold pieces.
You spent 46 gold pieces at shops.

Inventory:

Hand Weapons
 a - a +1 war axe (weapon)
 l - a +1 whip of distortion
 I - a +2 whip of draining
 M - a +3 quarterstaff of chaos
Armour
 c - a +0 shield (worn)
 H - a +2 leather armour of fire resistance (worn)
 J - a +1 cloak (worn)
Jewellery
 i - a +3 ring of dexterity (left hand)
 s - an uncursed amulet of harm
 F - a ring of flight (right hand)
 K - an amulet of faith (around neck)
Wands
 e - a wand of polymorph (8/24)
 n - a wand of acid (8/15)
 L - a wand of polymorph (10/24)
 R - a wand of teleportation (4/9)
Scrolls
 m - 5 scrolls of fog
 r - 9 scrolls of teleportation
 y - a scroll of noise
 D - 4 scrolls of enchant weapon
Potions
 j - 2 potions of cancellation
 k - 2 potions of lignification
 o - 2 potions of haste
 v - 3 potions of curing
 w - a potion of mutation {unknown}
 x - a potion of heal wounds
 z - a potion of degeneration {unknown}
 C - 2 potions of might
 O - 2 potions of brilliance
 Q - 2 potions of berserk rage
Books
 b - a book of Changes

   Spells                             Type                      Level
   a - Beastly Appendage              Transmutation                1
   b - Sticks to Snakes               Transmutation                2
   c - Spider Form                    Transmutation/Poison         3
   d - Ice Form                       Ice/Transmutation            4
   e - Blade Hands                    Transmutation                5
 d - a book of Frost

   Spells                             Type                      Level
   a - Freeze                         Ice                          1
   b - Throw Frost                    Conjuration/Ice              2
   c - Ozocubu's Armour               Charms/Ice                   3
   d - Throw Icicle                   Conjuration/Ice              4
   e - Summon Ice Beast               Ice/Summoning                4
 P - a book of Maledictions

   Spells                             Type                      Level
   a - Corona                         Hexes                        1
   b - Ensorcelled Hibernation        Hexes/Ice                    2
   c - Confuse                        Hexes                        3
   d - Tukima's Dance                 Hexes                        3
   e - Dazzling Spray                 Conjuration/Hexes            3
Miscellaneous
 p - a plain deck of summoning {drawn: 5}
 A - a plain deck of escape
 G - a plain deck of destruction {drawn: 1}
 N - a plain deck of destruction
Comestibles
 f - 3 bread rations
 h - a royal jelly
 q - 4 meat rations
 u - a beef jerky
 E - 2 slices of pizza


   Skills:
 + Level 6.6 Fighting
 + Level 12.9 Axes
 - Level 1.0 Throwing
 + Level 6.2 Armour
 - Level 3.0 Dodging
 - Level 1.0 Stealth
 + Level 6.1 Shields
 - Level 1.0 Spellcasting
 - Level 6.1 Invocations
 - Level 1.0 Evocations


You had 11 spell levels left.
You didn't know any spells.

Dungeon Overview and Level Annotations

Branches:
Dungeon (9/15)             Temple (0/1) D:6            Lair (0/6) D:9
    Orc: D:9-12

Altars:
Dithmenos
Kikubaaqudgha
Nemelex Xobeh
Okawaru
Ru
Uskayaw
Xom
Zin
The Shining One

Shops:
D:8 *


Message History

You slice the yak!!
The yak is severely wounded.
The yak gores you!
You hit the yak but do no damage.
The yak is severely wounded.
The yak gores you.
* * * LOW HITPOINT WARNING * * *
You hit the yak.
The yak is severely wounded.
The yak gores you!
* * * LOW HITPOINT WARNING * * *
You completely miss the yak.
The yak is severely wounded.
The yak barely misses you.
Okay, then.
You hit the yak.
The yak is severely wounded.
The yak gores you!
You die...
Your body disappears without a glow.

##################
#.......).......))
#...............##
#@##............##
#Y##....##........
#.##....##........
#.................
#.................
#.................
#..........#######
#..#######.# #..#
#.#


You could see a yak.

Vanquished Creatures
  4 yaks (D:9)
  A hungry ghost (D:8)
  Menkaure (D:7)
  A black bear (D:6)
  2 orc warriors (D:9)
  2 ice beasts
  2 sky beasts (D:8)
  3 ogres (D:7)
  A necrophage (D:9)
  A phantom (D:4)
  A centaur (D:9)
  A big kobold (D:8)
  5 bullfrogs
  2 scorpions
  A howler monkey (D:4)
  3 vampire bats (D:2)
  A hound (D:8)
  2 bullfrog zombies
  3 crimson imps (D:5)
  4 orc wizards
  6 orc priests
  A centaur skeleton (D:5)
  2 gnoll shamans
  A jelly (D:7)
  4 iguanas
  4 worker ants
  Ijyb (D:2)
  2 killer bee zombies
  A howler monkey zombie (D:7)
  A worker ant zombie (D:5)
  A howler monkey skeleton (D:4)
  17 gnolls
  13 adders
  2 oozes
  An adder zombie (D:8)
  4 worms
  4 leopard geckos
  20 orcs
  2 bat skeletons (D:2)
  3 bat zombies (D:2)
  2 giant cockroaches (D:2)
  8 goblins
  4 hobgoblins
  12 jackals
  2 quokkas
  2 ball pythons
  9 bats
  5 frilled lizards
  2 jackal skeletons
  A jackal zombie (D:7)
  8 kobolds
  6 rats
192 creatures vanquished.

Vanquished Creatures (collateral kills)
  A hornet (D:7)
  A gnoll sergeant (D:6)
  A crimson imp (D:7)
  Crazy Yiuf (D:7)
  A worker ant (D:7)
  A gnoll (D:6)
  A worm (D:2)
  An orc (D:7)
  2 goblins (D:7)
  A jackal (D:2)
  A kobold (D:7)
12 creatures vanquished.

Vanquished Creatures (others)
  An orc warrior (D:7)
  An ogre (D:8)
  An orc wizard (D:7)
  A worker ant (D:7)
  An orc (D:7)
5 creatures vanquished.

Grand Total: 209 creatures vanquished

Notes
Turn   | Place    | Note
-------+----------+-------------------------------------------
     0 | D:1      | Rrauwl the Hill Orc Fighter began the quest for the Orb.
     0 | D:1      | Reached XP level 1. HP: 19/19 MP: 1/1
   345 | D:1      | Reached XP level 2. HP: 27/27 MP: 2/2
   663 | D:2      | Reached skill level 3 in Axes
   663 | D:2      | Reached XP level 3. HP: 28/33 MP: 3/3
   676 | D:2      | Found a faded altar of an unknown god.
   688 | D:2      | Became a worshipper of Nemelex Xobeh the Trickster
   688 | D:2      | Received a gift from Nemelex Xobeh
   688 | D:2      | Reached * piety under Nemelex Xobeh
   798 | D:2      | Reached skill level 1 in Dodging
   800 | D:2      | Reached XP level 4. HP: 33/40 MP: 4/4
   878 | D:2      | Noticed Ijyb
   903 | D:2      | Killed Ijyb
   903 | D:2      | Reached skill level 1 in Invocations
  1117 | D:2      | Found an ancient bone altar of Kikubaaqudgha.
  1121 | D:2      | Reached skill level 4 in Axes
  1121 | D:2      | Reached XP level 5. HP: 46/46 MP: 4/6
  1674 | D:3      | Reached XP level 6. HP: 46/52 MP: 8/8
  1690 | D:3      | Reached skill level 5 in Axes
  1725 | D:3      | Received a gift from Nemelex Xobeh
  2296 | D:3      | Found a sparkling altar of Nemelex Xobeh.
  2385 | D:3      | Found a sacrificial altar of Ru.
  2483 | D:4      | Reached skill level 6 in Axes
  2638 | D:4      | Reached skill level 5 in Invocations
  2638 | D:4      | Reached XP level 7. HP: 59/59 MP: 10/10
  2668 | D:4      | Reached ** piety under Nemelex Xobeh
  2988 | D:4      | Found a hide-covered altar of Uskayaw.
  3070 | D:4      | Reached skill level 7 in Axes
  3351 | D:4      | Found a shimmering altar of Xom.
  3469 | D:5      | Entered Level 5 of the Dungeon
  3577 | D:5      | Reached skill level 8 in Axes
  3625 | D:5      | Received a gift from Nemelex Xobeh
  3629 | D:5      | Found a glowing golden altar of the Shining One.
  3849 | D:5      | Reached skill level 9 in Axes
  3849 | D:5      | Reached XP level 8. HP: 59/66 MP: 11/11
  4149 | D:6      | Reached *** piety under Nemelex Xobeh
  4206 | D:6      | Reached skill level 10 in Axes
  4377 | D:6      | Found a staircase to the Ecumenical Temple.
  4708 | D:6      | Reached skill level 11 in Axes
  4791 | D:6      | Found a sparkling altar of Nemelex Xobeh.
  5059 | D:7      | Received a gift from Nemelex Xobeh
  5080 | D:7      | Found a shadowy altar of Dithmenos.
  5089 | D:7      | Reached skill level 12 in Axes
  5131 | D:7      | Reached XP level 9. HP: 69/71 MP: 12/12
  5200 | D:7      | Reached skill level 1 in Throwing
  5374 | D:7      | Noticed Menkaure
  5387 | D:7      | Killed Menkaure
  5418 | D:7      | Found a glowing silver altar of Zin.
  5550 | D:7      | Reached skill level 1 in Evocations
  5553 | D:7      | Reached skill level 1 in Stealth
  5797 | D:7      | Noticed a hornet
  5802 | D:7      | Killed a hornet
  5828 | D:7      | Found a runed door.
  5832 | D:7      | Noticed Crazy Yiuf
  5836 | D:7      | Killed Crazy Yiuf
  5909 | D:7      | Found an iron altar of Okawaru.
  6004 | D:8      | Reached skill level 1 in Spellcasting
  6203 | D:8      | Received a gift from Nemelex Xobeh
  6221 | D:8      | Reached skill level 5 in Fighting
  6307 | D:8      | Reached skill level 5 in Armour
  6342 | D:8      | Reached skill level 5 in Shields
  6409 | D:8      | Found Xirhad's Assorted Antiques.
  6424 | D:8      | Bought 2 fizzy brown potions for 46 gold pieces
  6659 | D:8      | Reached **** piety under Nemelex Xobeh
  6701 | D:9      | Found a staircase to the Lair.
  6786 | D:9      | Reached XP level 10. HP: 72/81 MP: 14/14
  7474 | D:9      | Slain by a yak

Skill      XL: |  1  2  3  4  5  6  7  8  9 10 |
---------------+-------------------------------+-----
Axes           | 3 4 6 9 12 | 12.9
Fighting       | 4 5 6 |  6.6
Dodging        | 1 2 3 |  3.0
Armour         | 4 5 6 |  6.2
Shields        | 4 5 6 |  6.1
Invocations    | 2 3 5 6 |  6.1
Throwing       | 1 |  1.0
Evocations     | 1 |  1.0
Stealth        | 1 |  1.0
Spellcasting   | 1 |  1.0

Action                   |  1- 3 |  4- 6 |  7- 9 | 10-12 || total
-------------------------+-------+-------+-------+-------++-------
Melee: War axe           |   103 |   182 |   373 |    94 ||   752
Evoke: Deck              |     1 |       |    13 |       ||    14
  Use: Potion            |       |     4 |     3 |     3 ||    10
       Scroll            |       |    10 |     9 |       ||    19
 Stab: Distracted        |       |       |     1 |       ||     1
  Eat: Chunk             |       |     6 |    13 |     2 ||    21
       Fruit             |       |       |     3 |       ||     3
Armor: Scale mail        |    44 |   109 |    67 |       ||   220
       Leather armour    |       |       |    34 |     8 ||    42
Dodge: Dodged            |    33 |    76 |    80 |    21 ||   210
Block: Shield            |    60 |   109 |   152 |    27 ||   348
